 Dungeon Crawl Stone Soup version 0.28-a0-529-g3bad584f25 (webtiles) character file.

Game seed: 12637167871038463530

1817 pezzrr the Basher (level 9, 0/55 HPs)
             Began as a Gargoyle Fighter on Sept 24, 2021.
             Was a Believer of Okawaru.
             Slain by Duvessa (8 damage)
             ... on level 6 of the Dungeon.
             The game lasted 00:15:18 (6109 turns).

pezzrr the Basher (Gargoyle Fighter)                Turns: 6109, Time: 00:15:18

Health: 0/55       AC: 19    Str: 23    XL:     9   Next: 10%
Magic:  9/9        EV:  6    Int:  9    God:    Okawaru [**....]
Gold:   297        SH:  4    Dex:  9    Spells: 8/8 levels left

rFire   + + .      SeeInvis .   j - +2 whip (drain)
rCold   . . .      Faith    .   c - +0 buckler
rNeg    + . .      Spirit   .   f - +0 plate armour
rPois   ∞          Reflect  .   s - +0 helmet
rElec   +          Harm     .   (no cloak)
rCorr   .          Rampage  .   (no gloves)
Will    .....                   (no boots)
Stlth   ..........              (no amulet)
HPRegen 0.18/turn               n - ring of protection from fire
MPRegen 0.11/turn               y - ring of protection from fire

@: no status effects
A: sickness immunity, AC +6, negative energy resistance 1, electricity
resistance, torment resistance 1, petrification resistance
a: Renounce Religion, Heroism


You were on level 6 of the Dungeon.
You worshipped Okawaru.
Okawaru was pleased with you.
You visited 2 branches of the dungeon, and saw 7 of its levels.
You also visited: Sewer.

You collected 297 gold pieces.

Inventory:

Hand Weapons
 j - a +2 whip of draining (weapon)
Missiles
 t - 37 poisoned darts (quivered)
Armour
 c - a +0 buckler (worn)
 f - a +0 plate armour (worn)
 s - a +0 helmet (worn)
 C - +2 steam dragon scales
Jewellery
 n - a ring of protection from fire (left hand)
 p - an amulet of faith
 y - a ring of protection from fire (right hand)
Wands
 q - a wand of iceblast (4)
 B - a wand of flame (11)
Scrolls
 g - a scroll of enchant armour {unknown}
 h - 3 scrolls of identify {unknown}
 k - a scroll of noise {unknown}
 m - a scroll of blinking {unknown}
 r - a scroll of vulnerability {unknown}
 u - 2 scrolls of teleportation {unknown}
Potions
 b - 2 potions of flight {unknown}
 d - a potion of might
 e - 3 potions of curing {unknown}
 i - 2 potions of berserk rage {unknown}
 l - 2 potions of degeneration {unknown}
 o - a potion of lignification {unknown}
 v - 4 potions of magic {unknown}
 w - a potion of invisibility {unknown}
 x - a potion of cancellation {unknown}
 z - a potion of haste {unknown}
 A - a potion of heal wounds {unknown}


   Skills:
 - Level 6.0 Fighting
 - Level 1.7 Short Blades
 + Level 10.1 Maces & Flails
 - Level 3.2 Armour
 - Level 3.0 Stealth
 - Level 3.2 Shields


You had 8 spell levels left.
You didn't know any spells.
Your spell library contained the following spells:

 Spells                   Type           Power      Damage    Failure   Level
 Conjure Ball Lightning   Conj/Air       0%         3x3d6     100%        6
 Discord                  Hex            0%         N/A       100%        8
 Disjunction              Tloc           0%         N/A       100%        8


Dungeon Overview and Level Annotations

Branches:
Dungeon (6/15)             Temple (1/1) D:4           Sewer (visited)

Altars:
Ashenzari
Gozag
Hepliaklqana
Kikubaaqudgha
Makhleb
Nemelex Xobeh
Okawaru
Qazlal
Sif Muna
Trog
Vehumet
Wu Jian
Xom
Yredelemnul
Zin
The Shining One

Annotations:
D:6 Duvessa


Innate Abilities, Weirdness & Mutations

You are immune to sickness and miasma.
Your stone body is resilient. (AC +6)
You are immune to poison.
You resist negative energy. (rN+)
You are resistant to electric shocks. (rElec)
You are resistant to unholy torment.
You are immune to petrification.


Message History

Duvessa hits you with a +4 rapier of speed.
Duvessa barely misses you.
You hit Dowan.
Dowan is severely wounded.
Dowan hits you but does no damage.
You hit Dowan.
Dowan is severely wounded.
Duvessa hits you with a +4 rapier of speed!
You completely miss Dowan.
Dowan is severely wounded.
Duvessa hits you with a +4 rapier of speed.
Dowan says, "Stay away from my face!"
Dowan closely misses you.
You closely miss Dowan.
Dowan is severely wounded.
Duvessa says, "My weaknesses are his strengths!"
Duvessa hits you but does no damage. Dowan hits you but does no damage.
You closely miss Dowan.
Dowan is severely wounded.
Duvessa hits you with a +4 rapier of speed.
* * * LOW HITPOINT WARNING * * *
You hit Dowan. You drain Dowan.
Dowan is almost dead.
You block Duvessa's attack. Dowan hits you but does no damage.
You closely miss Dowan.
Dowan is almost dead.
Duvessa barely misses you.
You completely miss Dowan.
Dowan is almost dead.
Dowan points at you and mumbles some strange words.
You easily resist.
You block Duvessa's attack.
You hit Dowan.
You kill Dowan!
Okawaru accepts your kill.
Duvessa screams, "No!
How DARE you!"
Duvessa goes berserk!
You block Duvessa's attack.
Duvessa hits you with a +4 rapier of speed!
* * * LOW HITPOINT WARNING * * *
Duvessa hits you with a +4 rapier of speed!
You die...

##...#####..##
###.# ##...#
###...##..#####
## #..###
###....####.#
#### ###.##
#..## #.#
##...# ##
#.###...$## ##.
#.##......#
###..
#.##......#
#.)..
#.....e@..#
#....
#.#.......##
##...
#..##..).###
#### #.#
###...# .#
###..# ## ###


You could see Duvessa (berserk).

Vanquished Creatures
  Maggie (D:6)
  Sigmund (D:4)
  A necrophage (D:4)
  An ogre (D:5)
  A phantom (D:4)
  2 kobold brigands (Sewer)
  Blork the orc (D:6)
  A bullfrog (D:6)
  A gnoll sergeant (D:6)
  Dowan (D:6)
  3 hounds
  An orc priest (D:5)
  A jelly (D:5)
  An iron imp (D:6)
  3 iguanas
  6 orc wizards
  A killer bee zombie (D:5)
  12 gnolls
  A howler monkey zombie (D:5)
  3 adders
  2 river rats (Sewer)
  An adder skeleton (D:4)
  3 worms
  21 orcs
  7 ball pythons
  5 bats
  6 endoplasms
  5 giant cockroaches
  6 goblins
  4 hobgoblins
  2 jackals (D:5)
  18 kobolds
  12 quokkas
  4 frilled lizards
  9 rats
148 creatures vanquished.

Vanquished Creatures (others)
  4 toadstools (D:1)
4 creatures vanquished.

Grand Total: 152 creatures vanquished

Notes
Turn   | Place    | Note
-------+----------+-------------------------------------------
     0 | D:1      | pezzrr the Gargoyle Fighter began the quest for the Orb.
     0 | D:1      | Reached XP level 1. HP: 14/14 MP: 1/1
    84 | D:1      | Reached skill level 1 in Stealth
   164 | D:1      | Reached XP level 2. HP: 17/19 MP: 2/2
   520 | D:1      | Reached XP level 3. HP: 21/23 MP: 3/3
  1123 | D:2      | Found a basalt altar of Yredelemnul.
  1164 | D:2      | Found a faded altar of an unknown god.
  1738 | D:3      | Reached skill level 1 in Maces & Flails
  1777 | D:3      | Reached XP level 4. HP: 24/29 MP: 4/4
  2221 | D:3      | Reached skill level 2 in Maces & Flails
  2332 | D:3      | Reached XP level 5. HP: 34/34 MP: 5/5
  2795 | D:4      | Reached skill level 5 in Fighting
  2796 | D:4      | Noticed a necrophage
  3121 | D:4      | Killed a necrophage
  3122 | D:4      | Reached skill level 3 in Maces & Flails
  3122 | D:4      | Reached XP level 6. HP: 27/40 MP: 6/6
  3272 | D:4      | Found a staircase to the Ecumenical Temple.
  3315 | Temple   | Entered the Ecumenical Temple
  3344 | Temple   | Became a worshipper of Warmaster Okawaru
  3521 | D:4      | Found a hazy altar of Hepliaklqana.
  3522 | D:4      | Found a faded altar of an unknown god.
  3522 | D:4      | Noticed Sigmund
  3530 | D:4      | Killed Sigmund
  3531 | D:4      | Reached skill level 4 in Maces & Flails
  3531 | D:4      | Reached XP level 7. HP: 41/46 MP: 7/7
  3655 | D:4      | Reached skill level 5 in Maces & Flails
  3854 | D:5      | Entered Level 5 of the Dungeon
  3879 | D:5      | Found a shimmering altar of Xom.
  4061 | D:5      | Reached * piety under Okawaru
  4181 | D:5      | Reached skill level 6 in Maces & Flails
  4208 | D:5      | Found a shimmering blue altar of Sif Muna.
  4594 | D:5      | Found a glowing drain.
  4598 | Sewer    | Entered a sewer
  4665 | Sewer    | Reached skill level 7 in Maces & Flails
  4665 | Sewer    | Reached XP level 8. HP: 47/51 MP: 8/8
  5557 | D:6      | Found a burning altar of Makhleb.
  5635 | D:6      | Noticed Maggie
  5656 | D:6      | Reached skill level 8 in Maces & Flails
  5672 | D:6      | Killed Maggie
  5672 | D:6      | Reached ** piety under Okawaru
  5673 | D:6      | Reached skill level 9 in Maces & Flails
  5676 | D:6      | Noticed Blork the orc
  5685 | D:6      | Killed Blork the orc
  5917 | D:6      | Reached XP level 9. HP: 51/55 MP: 9/9
  6069 | D:6      | Reached skill level 10 in Maces & Flails
  6087 | D:6      | Noticed Duvessa
  6087 | D:6      | Noticed Dowan
  6107 | D:6      | Killed Dowan
  6109 | D:6      | Slain by Duvessa

Illustrated notes

Levels and vault maps discovered:
D:1:      ldierk_walled_garden_2, layout_loops_ring
D:2:      layout_loops_ring, basic_altar, basic_ecumenical_altar
D:3:      layout_basic
D:4:      layout_rooms, beargit_hepliaklqana_dungeon_heroes, temple_statues
D:5:      layout_loops_cross, general_overflow_altar,
          mainiacjoe_overflow_surrounded_room, gup_sewer_entry_spiral
D:6:      minmay_flawed_box, layout_cave_pods, makhleb_grotto_becter,
          uniq_blork_the_orc, uniq_duvessa, uniq_maggie
Temple:   minmay_temple_bridge_abc

Skill      XL: |  1  2  3  4  5  6  7  8  9 |
---------------+----------------------------+-----
Stealth        | 1 3 |  3.0
Maces & Flails | 1 2 3 4 7 9 10 | 10.1
Fighting       | 4 5 6 |  6.0
Short Blades   | |  1.7
Armour         | |  3.2
Shields        | |  3.2

Action                   |  1- 3 |  4- 6 |  7- 9 || total
-------------------------+-------+-------+-------++-------
Melee: Rapier            |   102 |       |       ||   102
       Whip              |    46 |   173 |   402 ||   621
Armor: Scale mail        |    10 |       |       ||    10
       Plate armour      |    99 |   113 |   215 ||   427
Dodge: Dodged            |    41 |    41 |    82 ||   164
Block: Buckler           |    31 |    29 |    44 ||   104

Table legend: (Time is in decaauts)
 A = Elapsed time spent in this place.
 B = Non-inter-level travel time spent in this place.
 C = Inter-level travel time spent in this place.
 D = Time resting spent in this place.
 E = Time spent auto-exploring this place.
 F = Levels seen in this place.
 G = Mean time per level.
                   A        B        C        D        E       F      G
               +--------+--------+--------+--------+--------+-----+--------+
         Total |   6138 |   5983 |    155 |    378 |   3678 |   8 |  767.2 |
       Dungeon |   5580 |   5425 |    155 |    378 |   3470 |   6 |  930.0 |
        Temple |     54 |     54 |      0 |      0 |     10 |   1 |   54.0 |
         Sewer |    503 |    503 |      0 |      0 |    198 |   1 |  503.0 |
               +--------+--------+--------+--------+--------+-----+--------+

Top non-repeatable levels by time:
     D:3: 1432 daAuts
     D:5: 1206 daAuts
     D:1: 876 daAuts
     D:4: 783 daAuts
     D:2: 719 daAuts
     D:6: 561 daAuts
   Sewer: 503 daAuts
  Temple: 54 daAuts
